Map: Para Site LE

Players

BadasS

  • Race: Terran Terran
  • League: Platinum
  • Spawn Location: 5:00

Kallestål - Winner!

  • Race: Terran Terran
  • Spawn Location: 11:00

VOD

Have the link to the VOD?

Description

Time

  • Played on: Oct. 15, 2018, 10:16 a.m.
  • Length: 21:28
Show
View Real Time Build Order
Export as new Build Order

BadasS Terran 

Build Orders: 1/1/1 

Get SALT Encoding   

  12  0:01  SCV  
  13  0:13  SCV  
  14  0:17  Supply Depot  
  14  0:25  SCV  
  15  0:31  Refinery  
  15  0:38  SCV  
  16  0:46  Barracks  
  16  0:50  SCV  
  17  1:02  SCV  
  18  1:14  SCV  
  19  1:32  Orbital Command  
  19  1:35  Factory  
  19  1:40  Supply Depot  
  20  1:53  Refinery, Reaper  
  20  1:58  SCV  
  21  2:10  SCV  
  22  2:22  Hellion  
  24  2:25  Starport  
  24  2:29  SCV  
  25  2:37  Barracks Reactor  
  25  2:39  Command Center  
  25  2:42  SCV  
  25  2:43  Hellion  
  28  2:54  SCV  
  28  2:55  Supply Depot  
  29  3:06  SCV  
  30  3:16  Medivac  
  32  3:49  Factory Tech Lab  
  32  4:10  Siege Tank  
  35  4:19  SCV  
  36  4:25  Marine x2  
  36  4:31  SCV  
  39  4:33  Factory  
  39  4:35  Barracks  
  39  4:36  Orbital Command  
  39  4:37  Barracks  
  39  4:52  Siege Tank  
  42  5:02  Marine x2  
  42  5:06  Supply Depot x2  
  45  5:07  SCV  
  45  5:08  SCV  
  46  5:19  SCV  
  46  5:20  SCV  
  47  5:31  SCV  
  47  5:34  Siege Tank  
  47  5:35  Factory Tech Lab  
  51  5:37  Barracks Tech Lab  
  51  5:38  Barracks Reactor  
  51  5:49  Marine x2  
  53  5:55  Viking  
  55  5:57  Marine, Stimpack  
  56  6:06  Siege Tank  
  56  6:07  Marine x2  
  56  6:10  SCV  
  56  6:11  SCV  
  63  6:15  Marine  
  64  6:18  Marine x2  
  64  6:23  SCV x2  
  64  6:25  Medivac  
  70  6:29  Refinery  
  70  6:30  Refinery  
  70  6:40  Supply Depot x2  
  70  6:41  Supply Depot  
  70  6:42  Supply Depot  
  70  6:48  Command Center  
  70  6:56  SCV  
  70  7:02  SCV  
  70  7:08  SCV  
  71  7:12  Marine x5  
  71  7:13  Siege Tank  
  71  7:14  SCV, Siege Tank  
  83  7:20  SCV  
  84  7:26  SCV  
  85  7:30  Marine x2  
  78  7:45  Marine x2  
  78  7:46  Marine  
  78  7:47  Siege Tank x2  
  78  7:48  Marine x2  
  78  7:49  Starport Reactor  
  78  7:50  Starport Tech Lab  
  86  8:03  Marine x2  
  85  8:17  Raven  
  81  8:20  Marine x3  
  81  8:21  Marine x2  
  81  8:26  Orbital Command  
  86  8:29  Barracks  
  86  8:38  Marine x3, Barracks  
  86  8:39  Engineering Bay, Barracks  
  75  9:10  Missile Turret  
  75  9:14  SCV x3  
  75  9:16  Marine x3  
  83  9:26  SCV x3  
  84  9:34  Marine  
  85  9:38  SCV x3  
  85  9:41  Marine x3  
  85  9:43  Viking x2  
  95  9:50  SCV x2  
  95  9:51  SCV, Marine  
  99  9:54  Barracks Reactor  
  99  9:55  Barracks Reactor  
  99  9:57  Barracks Reactor  
  99  9:59  Marine x3  
  101  10:09  Marine  
  101  10:13  Medivac x2  
  105  10:19  Marine x3  
  108  10:27  Marine  
  109  10:37  Marine x3  
  104  10:45  Marine  
  104  10:54  Marine  
  105  11:23  Marine x4  
  104  11:40  Marine x2  
  104  11:41  Marine x2  
  100  11:58  Marine x3  
  100  11:59  Marine  
  97  12:06  Marine  
  97  12:07  Marine  
  90  12:16  Marine x4  
  89  12:33  Marine x5  
  89  12:34  Marine x3  
  66  12:58  SCV x3  
  68  13:10  SCV x3, Marine x7  
  68  13:11  Marine x2  
  75  13:13  Siege Tank x2  
  81  13:22  SCV x2  
  81  13:23  SCV  
  84  13:27  Marine  
  84  13:28  Marine x7  
  84  13:29  Marine  
  84  13:31  Starport Tech Lab  
  88  13:34  SCV  
  88  13:35  SCV  
  87  13:45  Marine x2, Siege Tank x2  
  87  13:46  Marine  
  81  14:17  Siege Tank x2  
  87  14:25  Missile Turret  
  85  14:46  Missile Turret  
  85  14:47  Marine x4  
  84  15:05  Marine x4  
  84  15:30  Marine x6  
  84  15:31  Marine x2  
  79  15:48  Marine x2  
  58  16:10  Starport  
  57  16:24  Viking x2  
  47  16:54  Viking x2  
  51  17:01  Viking x2  
  45  17:23  Viking  
  47  17:31  Viking x2  
  35  18:01  Viking x2  
  32  18:28  SCV x2  
  30  18:40  SCV x2  
  26  18:52  SCV x2  
  28  19:01  Marine x4  
  32  19:04  SCV  
  30  19:18  Marine  
  30  19:19  Marine x3  
  31  19:36  Marine  
  31  19:37  Marine  
  22  19:54  Marine x2  
  22  20:12  Marine x2  
Show
View Real Time Build Order
Export as new Build Order

Kallestål Terran - Winner!

Build Orders:  

Get SALT Encoding   

  12  0:00  SCV  
  13  0:13  SCV  
  14  0:19  Supply Depot  
  14  0:25  SCV  
  15  0:40  SCV  
  16  0:52  Refinery, SCV  
  16  0:54  Refinery, Engineering Bay  
  17  1:05  SCV  
  18  1:17  SCV  
  19  1:29  SCV  
  20  1:40  Command Center  
  20  1:41  SCV  
  21  1:53  SCV  
  22  2:05  SCV  
  23  2:37  Supply Depot  
  23  2:50  Missile Turret  
  23  2:52  SCV  
  24  3:06  Planetary Fortress  
  23  3:14  Missile Turret  
  23  3:17  Missile Turret  
  23  3:20  Planetary Fortress  
  23  3:34  Barracks  
  22  3:37  Command Center  
  21  3:43  SCV  
  22  3:49  Hi-Sec Auto Tracking  
  22  3:55  SCV  
  23  3:58  SCV  
  24  4:07  SCV  
  25  4:28  Command Center  
  25  4:33  SCV  
  26  4:41  Factory  
  26  4:46  SCV  
  26  4:51  SCV  
  28  4:58  SCV  
  29  5:01  SCV  
  29  5:03  SCV  
  30  5:08  Ghost Academy  
  30  5:10  SCV  
  31  5:16  SCV  
  31  5:17  SCV  
  33  5:26  Reaper  
  33  5:29  SCV x2  
  33  5:34  Starport  
  35  5:48  Planetary Fortress  
  35  5:50  Starport  
  35  6:00  Barracks  
  35  6:02  SCV x2  
  37  6:14  Starport Tech Lab, SCV  
  37  6:15  SCV  
  39  6:26  SCV  
  39  6:27  SCV  
  39  6:31  Starport Tech Lab  
  39  6:32  Banshee  
  44  6:33  Cloaking Field  
  44  6:38  SCV x2  
  44  6:39  SCV  
  47  6:40  Refinery  
  47  6:43  Refinery  
  47  6:50  SCV x2  
  47  6:51  Barracks Tech Lab, SCV  
  47  6:52  Personal Cloaking  
  50  6:55  Ghost Academy  
  50  6:59  Missile Turret  
  50  7:03  SCV  
  51  7:13  Ghost, SCV x2  
  55  7:21  Banshee x2  
  54  7:49  SCV x2  
  46  8:16  SCV  
  46  8:17  SCV  
  46  8:23  Nuke x2  
  46  8:27  Command Center  
  46  8:42  SCV  
  45  9:03  Ghost  
  45  9:09  Command Center  
  44  9:21  Supply Depot  
  44  9:25  Refinery  
  44  9:26  Supply Depot  
  44  9:27  Refinery  
  44  9:31  Planetary Fortress  
  44  9:32  SCV  
  45  9:42  Banshee x2  
  45  9:44  Supply Depot  
  51  9:46  SCV  
  51  9:52  Supply Depot  
  52  9:58  SCV  
  53  10:01  Armory  
  53  10:11  SCV  
  48  10:15  Supply Depot  
  48  10:23  SCV  
  48  10:25  Banshee x2  
  55  10:30  Ghost  
  55  10:35  Supply Depot  
  57  11:00  SCV x2  
  58  11:06  Fusion Core  
  58  11:08  Banshee x2  
  64  11:18  SCV x2  
  65  11:25  Ghost  
  65  11:31  Command Center  
  65  11:32  Nuke x2  
  67  11:45  SCV x2  
  67  11:46  Planetary Fortress  
  69  11:57  Missile Turret  
  60  12:03  Viking x2  
  64  12:13  SCV x2  
  59  12:23  Nuke  
  59  12:25  SCV  
  60  12:33  Battlecruiser  
  64  12:51  SCV x3  
  63  12:53  Ghost  
  63  12:56  Nuke  
  66  13:06  SCV x3  
  69  13:15  Planetary Fortress  
  69  13:22  Ghost  
  69  13:24  Battlecruiser  
  69  13:27  Terran Vehicle And Ship Armor Level 1  
  77  13:43  Refinery  
  77  13:47  Refinery  
  77  13:50  Ghost  
  77  13:54  SCV x4  
  83  14:06  Battlecruiser, SCV x3  
  92  14:10  Refinery  
  92  14:15  SCV  
  93  14:18  SCV  
  93  14:23  Armory  
  93  14:24  SCV x2  
  96  14:27  SCV, Command Center  
  96  14:30  SCV  
  98  14:35  Ghost  
  98  14:36  SCV, Nuke  
  98  14:37  Nuke  
  99  14:53  Battlecruiser  
  103  15:10  Battlecruiser  
  103  15:13  Terran Ship Weapons Level 1  
  107  15:15  SCV x3  
  110  15:33  Ghost  
  111  15:50  Command Center  
  111  16:01  Ghost, Refinery  
  111  16:02  SCV x2  
  115  16:05  Planetary Fortress  
  115  16:08  SCV  
  115  16:09  Battlecruiser, Weapon Refit  
  122  16:14  SCV x2  
  122  16:20  SCV, Command Center  
  123  16:26  SCV  
  124  16:38  Nuke x2  
  124  16:44  SCV x2  
  124  16:52  Refinery  
  124  17:07  Ghost  
  126  17:08  Missile Turret  
  126  17:10  Missile Turret  
  126  17:11  Missile Turret  
  126  17:12  Battlecruiser  
  126  17:13  Missile Turret  
  132  17:25  SCV x5  
  138  17:37  SCV  
  138  17:39  Missile Turret  
  138  17:42  Missile Turret  
  138  17:43  Missile Turret x2  
  138  17:44  Planetary Fortress  
  138  17:47  Missile Turret  
  138  17:48  Ghost  
  140  17:56  Command Center  
  140  17:57  Ghost Academy  
  140  17:58  Ghost Academy  
  140  18:00  Ghost Academy  
  134  18:07  Missile Turret  
  134  18:10  Battlecruiser  
  140  18:17  Ghost  
  142  18:28  Missile Turret  
  142  18:36  Battlecruiser  
  136  18:47  SCV x4  
  136  18:48  SCV  
  135  18:50  Missile Turret  
  135  18:56  Starport x2  
  135  18:57  Starport  
  135  18:58  Refinery, SCV  
  135  19:01  SCV x4  
  140  19:05  Terran Vehicle And Ship Armor Level 2  
  140  19:07  Terran Ship Weapons Level 2  
  140  19:10  SCV  
  140  19:12  Refinery  
  141  19:18  Refinery  
  139  19:50  SCV x7  
  139  19:52  Battlecruiser x2  
  139  20:16  Refinery x2, Planetary Fortress  
  139  20:18  Planetary Fortress  
  139  20:31  Starport Tech Lab x3  
  139  21:14  Command Center  
  139  21:24  Command Center  
  139  21:26  Command Center  
Tags
 
League
Platinum
Matchup
TvT
Opening
1/1/1
Race
Terran
Spawn Locations
Cross Positions
Add a new tag
Caveats
  • Supply blocks, unpowered buildings, or Contaminate may cause inaccurate times.
  • Supply counts are checked every 10 seconds.